 Dungeon Crawl Stone Soup version 0.30-a0-782-ge64f9170bb (webtiles) character file.

Game seed: 14803296946486846413

73582 funkygono the Eclecticist (level 15, -26/78 HPs)
             Began as a Gargoyle Fire Elementalist on Feb 17, 2023.
             Was an Elder of Sif Muna.
             Annihilated by Rupert
             ... wielding a +3 great mace of draining
              (38 damage)
             ... on level 12 of the Dungeon on Feb 18, 2023.
             The game lasted 01:01:35 (26295 turns).

funkygono the Eclecticist (GrFE)                   Turns: 26295, Time: 01:01:36

Health: -26/78     AC: 30    Str: 14    XL:     15   Next: 43%
Magic:  33/34      EV: 12    Int: 21    God:    Sif Muna [****..]
Gold:   2301       SH:  0    Dex: 10    Spells: 16/44 levels left

rFire   + . .      SeeInvis .    (no weapon)
rCold   x . .      Faith    .    D - orb {guile}
rNeg    + . .      Spirit   .    L - +0 troll leather armour
rPois   ∞          Reflect  .    B - +1 helmet
rElec   +          Harm     .    J - +1 cloak
rCorr   .          Rampage  .    q - +1 pair of gloves
Will    .....                    m - +2 pair of boots
Stlth   ++                       h - amulet of the acrobat
HPRegen 1.13/turn                k - +4 ring of protection
MPRegen 0.24/turn                v - ring of fire

@: channelling, flying, studying Throwing
A: sickness immunity, AC +11, big wings, negative energy resistance 1,
electricity resistance, torment resistance 1, petrification resistance
a: Renounce Religion, Channel Magic, Forget Spell, Divine Exegesis


You were on level 12 of the Dungeon.
You worshipped Sif Muna.
Sif Muna was greatly pleased with you.
You visited 3 branches of the dungeon, and saw 21 of its levels.
You also visited: Ice Cave.

You collected 2301 gold pieces.

Inventory:

Hand Weapons
 g - a +7 morningstar of protection
 w - a +5 flail of freezing
 G - the +8 hammer "Haisovei" {heavy, Fly}
   (You found it on level 7 of the Dungeon)

   Fly:       It grants you flight.
Armour
 m - a +2 pair of boots (worn)
 q - a +1 pair of gloves (worn)
 y - a +2 kite shield of cold resistance
 B - a +1 helmet (worn)
 D - an orb of guile (worn)
 J - a +1 cloak (worn)
 L - a +0 troll leather armour (worn)
 M - +0 acid dragon scales
Magical Staves
 z - a staff of fire
 Q - a staff of cold
Jewellery
 b - an amulet of guardian spirit
 d - a ring of wizardry
 f - a +5 ring of evasion
 h - an amulet of the acrobat (around neck)
 k - a +4 ring of protection (left hand)
 o - the ring "Rugoocs" {Contam rN++ rCorr Str+3 Int+3}
   (You found it in an ice cave)

   [ring of resist corrosion]

   Str:       It affects your strength (+3).
   Int:       It affects your intelligence (+3).
   rN:        It greatly protects you from negative energy.
   Contam:    It causes magical contamination when unequipped.
   rCorr:     It protects you from acid and corrosion.
 r - an amulet of faith
 t - the ring "Omestruu" {Fly rN+ Will++ Int-3 Dex+6}
   (You found it in an ice cave)

   [ring of dexterity]

   Int:       It affects your intelligence (-3).
   Dex:       It affects your dexterity (+6).
   rN:        It protects you from negative energy.
   Fly:       It grants you flight.
   Will:      It greatly increases your willpower.
 v - a ring of fire (right hand)
 A - a ring of magical power
 E - a +6 ring of strength
Wands
 C - a wand of paralysis (10)
 H - a wand of roots (21)
 R - a wand of flame (13)
Scrolls
 c - 5 scrolls of poison
 e - 4 scrolls of magic mapping
 i - 4 scrolls of teleportation
 x - 3 scrolls of identify
 F - 2 scrolls of fog
Potions
 a - a potion of magic
 j - 10 potions of curing
 l - a potion of ambrosia
 n - a potion of might
 p - 2 potions of resistance
 s - a potion of mutation
 u - 2 potions of heal wounds
 K - 3 potions of haste
 P - a potion of invisibility


   Skills:
 + Level 3.4 Fighting
 + Level 1.9 Maces & Flails
 + Level 5.3 Armour
 + Level 5.0 Dodging
 - Level 2.1 Stealth
 + Level 15.1 Spellcasting
 + Level 11.5 Conjurations
 + Level 3.2 Transmutations
 + Level 13.9 Fire Magic
 + Level 3.4 Earth Magic
 + Level 8.3 Poison Magic
 + Level 4.1 Invocations


You had 16 spell levels left.
You knew the following spells:

 Your Spells              Type           Power      Damage    Failure   Level
a - Foxfire               Conj/Fire      100%       2x1d9     1%          1
b - Scorch                Fire           100%       2d10      1%          2
c - Flame Wave            Conj/Fire      81%        2d18      1%          4
d - Stone Arrow           Conj/Erth      94%        3d12      1%          3
e - Lightning Bolt        Conj/Air       20%        1d35      12%         5
f - Starburst             Conj/Fire      40%        6d12      3%          6
g - Olgreb's Toxic Radia  Pois           50%        N/A       1%          4
h - Ignite Poison         Fire/Tmut/Pois 67%        N/A       1%          3

Your spell library contained the following spells:

 Spells                   Type           Power      Damage    Failure   Level
 Beastly Appendage        Tmut           58%        N/A       1%          1
 Sandblast                Erth           60%        2d14      1%          1
 Sting                    Tmut/Pois      100%       1d8       1%          1
 Passwall                 Tmut/Erth      25%        N/A       1%          2
 Poisonous Vapours        Pois/Air       66%        N/A       1%          2
 Static Discharge         Conj/Air       80%        2-6/arc   1%          2
 Wereblood                Tmut           29%        N/A       1%          2
 Dazzling Flash           Conj/Hex       80%        N/A       1%          3
 Hailstorm                Conj/Ice       40%        3d10      1%          3
 Inner Flame              Hex/Fire       61%        N/A       1%          3
 Kindle Blastsparks       Fire/Tloc/Air  100%       2d18      1%          3
 Mephitic Cloud           Conj/Pois/Air  43%        N/A       1%          3
 Spider Form              Tmut/Pois      40%        N/A       1%          3
 Sticky Flame             Conj/Fire      81%        2d9       1%          4
 Iskenderun's Mystic Bla  Conj/Tloc      40%        2d9       4%          4
 Irradiate                Conj/Tmut      23%        3d19      6%          5
 Arcjolt                  Conj/Air       20%        1d30      12%         5
 Frozen Ramparts          Ice            30%        1d5       14%         3
 Vhi's Electric Charge    Tloc/Air       30%        N/A       14%         3
 Animate Armour           Summ/Erth      46%        N/A       22%         4
 Freezing Cloud           Conj/Ice/Air   16%        6-21      26%         5
 Orb of Destruction       Conj           29%        9d9       34%         7
 Cause Fear               Hex            7%         N/A       43%         4
 Yara's Violent Unravell  Hex/Tmut       11%        3d6       54%         5
 Ignition                 Fire           42%        3d12      71%         8
 Simulacrum               Ice/Necr       7%         N/A       100%        6
 Enfeeble                 Hex            7%         N/A       100%        7
 Ozocubu's Refrigeration  Ice            7%         4d9       100%        7
 Borgnjor's Revivificati  Necr           7%         N/A       100%        8
 Discord                  Hex            7%         N/A       100%        8
 Maxwell's Capacitive Co  Air            7%         ∞         100%        8
 Necromutation            Tmut/Necr      11%        N/A       100%        8
 Chain Lightning          Conj/Air       20%        3d26      100%        9
 Death's Door             Necr           7%         N/A       100%        9


Dungeon Overview and Level Annotations

Branches:
Dungeon (14/15)            Temple (0/1) D:4            Lair (5/5) D:8
  Swamp (0/4) Lair:3        Snake (0/4) Lair:2        Slime (0/5) Lair:5
    Orc (2/2) D:10            Elf (0/3) Orc:2        Vaults (0/5) D:13
  IceCv (visited)

Altars:
Cheibriados
Fedhas
Hepliaklqana
Makhleb
Nemelex Xobeh
Okawaru
Ru
Sif Muna
Uskayaw
Wu Jian
Xom
Yredelemnul
Jiyva

Shops:
D:4 !   D:9 *   D:10 ?(:(   D:12 *   D:14 (   Orc:2 [:!(

Portals:
Abyss: D:7

Annotations:
D:7 2 transporters, Stil's ghost, novice DENe
D:12 Rupert
D:13 Nessos; Urug


Innate Abilities, Weirdness & Mutations

You are immune to sickness and miasma.
Your stone body is resilient. (AC +11)
You are immune to poison.
Your large and strong wings let you fly.
You resist negative energy. (rN+)
You are resistant to electric shocks. (rElec)
You are resistant to unholy torment.
You are immune to petrification.


Message History

Urug is almost dead.
The flame wave engulfs Nessos!
Nessos is moderately wounded.
You finish channelling waves of flame.
Nessos shoots an arrow.
The arrow hits you but does no damage.
Nessos casts a spell.
Nessos blinks!
Urug hits you from afar with a +4 demon trident of electrocution.
Rupert hits you with a +3 great mace of draining!
* * * LOW HITPOINT WARNING * * *
Unknown command.
Nessos shoots an arrow.
The arrow hits you.
* * * LOW HITPOINT WARNING * * *
The arrow burns you.
* * * LOW HITPOINT WARNING * * *
Nessos casts a spell.
Nessos blinks!
Urug hits you from afar with a +4 demon trident of electrocution.
* * * LOW HITPOINT WARNING * * *
Rupert roars madly and goes into a rage!
Rupert goes berserk!
You fly upwards.
There is a stone staircase leading down here.
Okay, then.
You feel much better.
Rupert hits you with a +3 great mace of draining.
Sif Muna will no longer gift you books.
Rupert hits you with a +3 great mace of draining!!
* * * LOW HITPOINT WARNING * * *
Rupert misses you.
Casting: Flame Wave (safe; 1% risk of failure)
Confirm with . or Enter, or press ? or * to list all spells.
Casting: Flame Wave (safe; 1% risk of failure)
Press: ? - help, Dir - look around, f - activate You feel a surge of power!
A wave of flame ripples out!
The flame wave engulfs Rupert.
Rupert is severely wounded. (Press . to intensify the flame waves.) Rupert hits you with a +3 great mace of draining!!!
You die...

#"......†# #....<####
#.....†..# ##'####
######'### #....## #..#
####..# #.##
########'#### #.#
###.......<...#
####.####.'...........#
#......##.#...........#
#.....@#..#.........(.#
#^....@#.##...........'
#......#.##...........#
#....[...##########'###
#......### ###.#
##.##### #...# ##..##
#.### #....# ##.#
#....##### #..# ##


You could see Rupert (berserk).

Vanquished Creatures
  Jorgrun (D:13)
  A dire elephant (Lair:5)
  Josephine (D:13)
  2 hydras
  Fannar (Lair:1)
  An ice dragon (IceCv)
  A centaur warrior (D:13)
  A boulder beetle (Lair:4)
  2 catoblepae
  5 two-headed ogres
  14 death yaks (Lair:5)
  A deep troll shaman (Lair:5)
  An orc high priest (Orc:1)
  Sonja (D:13)
  2 skysharks
  A bog body (Lair:3)
  5 orc knights
  An ugly thing (D:7)
  3 orc sorcerers
  2 cyclopes (D:12)
  3 manticores
  A salamander (Lair:2)
  Maurice (D:11)
  4 elephants (Lair:5)
  6 black mambas
  A torpor snail (Lair:4)
  2 ice statues (IceCv)
  16 cane toads
  8 rime drakes
  A kobold demonologist (D:9)
  Psyche (D:9)
  12 komodo dragons
  A tengu conjurer (D:11)
  2 polar bears (Lair:4)
  8 trolls
  Prince Ribbit (D:7)
  2 hornets
  10 blink frogs (Lair:2)
  21 dream sheep
  A vampire (D:12)
  6 wyverns
  3 wraiths (D:13)
  2 basilisks
  20 yaks
  2 steam dragons
  11 vampire mosquitoes
  14 humans (D:13)
  Menkaure (D:6)
  3 wargs
  An acid dragon (D:9)
  13 water moccasins
  3 sky beasts
  34 orc warriors
  5 black bears
  An ice beast (D:3)
  13 ogres
  15 wolves
  17 centaurs
  4 phantoms
  Blork the orc (Orc:1)
  5 kobold brigands
  2 gnoll sergeants
  10 bullfrogs
  A necrophage (D:7)
  3 scorpions
  18 wights
  7 lindwurm simulacra (IceCv)
  9 killer bees (D:9)
  4 howler monkeys
  4 lava snakes (Lair:2)
  4 komodo dragon simulacra (IceCv)
  7 hounds
  2 jellies (D:5)
  Crazy Yiuf (D:7)
  7 orc priests
  14 orc wizards
  5 iguanas
  2 hell rats (Lair:3)
  7 river rats (Lair:3)
  6 acid dragon simulacra (IceCv)
  7 adders
  10 gnolls
  3 shadow imps
  13 white imps
  An ufetubus (D:6)
  4 steam dragon simulacra (IceCv)
  3 worms
  A dart slug (D:5)
  53 orcs
  2 endoplasms
  2 giant cockroaches
  7 goblins
  3 hobgoblins
  4 quokkas
  5 ball pythons
  4 bats
  3 frilled lizards
  24 kobolds
  6 rats
591 creatures vanquished.

Vanquished Creatures (collateral kills)
  13 foxfires
13 creatures vanquished.

Vanquished Creatures (others)
  2 humans (D:13)
  1488 foxfires
  97 fungi
  133 plants
  4 toadstools (D:6)
1724 creatures vanquished.

Grand Total: 2328 creatures vanquished

Notes
Turn   | Place    | Note
-------+----------+-------------------------------------------
     0 | D:1      | funkygono the Gargoyle Fire Elementalist began the quest
                  | for the Orb.
     0 | D:1      | Reached XP level 1. HP: 10/10 MP: 3/3
   115 | D:1      | Found a faded altar of an unknown god.
   449 | D:1      | Reached XP level 2. HP: 15/15 MP: 1/5
   452 | D:1      | Learned a level 2 spell: Scorch
   456 | D:1      | Upgraded the game from 0.30-a0-779-g7971cf19c3 to
                  | 0.30-a0-782-ge64f9170bb
   999 | D:2      | Reached XP level 3. HP: 19/19 MP: 2/6
  1559 | D:2      | Found a hide-covered altar of Uskayaw.
  1912 | D:2      | Reached XP level 4. HP: 24/24 MP: 6/8
  1918 | D:2      | Learned a level 4 spell: Flame Wave
  2649 | D:3      | Noticed an ice beast
  2662 | D:3      | HP: 1/24 [ice beast (10)]
  2666 | D:3      | Killed an ice beast
  2667 | D:3      | Reached skill level 3 in Spellcasting
  2667 | D:3      | Reached XP level 5. HP: 2/28 MP: 1/10
  3116 | D:4      | Found Jown's Distillery.
  3140 | D:4      | Noticed a phantom
  3154 | D:3      | Reached XP level 6. HP: 29/32 MP: 3/11
  3259 | D:3      | Reached skill level 4 in Spellcasting
  3335 | D:4      | Identified the +0 leather armour of the Eleven Souls
                  | {Str+3}
  3612 | D:4      | Reached skill level 5 in Fire Magic
  3612 | D:4      | Reached XP level 7. HP: 36/36 MP: 8/13
  3696 | D:4      | Found a shimmering blue altar of Sif Muna.
  3699 | D:4      | Became a worshipper of Sif Muna the Loreminder
  3928 | D:4      | Found a staircase to the Ecumenical Temple.
  4260 | D:5      | Entered Level 5 of the Dungeon
  4459 | D:5      | Reached skill level 1 in Armour
  4468 | D:5      | Reached skill level 5 in Spellcasting
  4468 | D:5      | Reached XP level 8. HP: 41/41 MP: 0/15
  4880 | D:5      | Reached skill level 5 in Conjurations
  5393 | D:5      | Reached * piety under Sif Muna
  5432 | D:5      | Identified the +0 tower shield of Exclusion {+Inv Dex+3}
  5828 | D:5      | Reached skill level 6 in Spellcasting
  5983 | D:6      | Reached XP level 9. HP: 45/45 MP: 16/18
  5998 | D:6      | Noticed Menkaure
  6004 | D:6      | Killed Menkaure
  6095 | D:6      | HP: 2/45 [orc priest/divine providence (16)]
  7215 | D:7      | Reached skill level 7 in Spellcasting
  7554 | D:7      | Noticed Stil's ghost (novice DENe)
  7580 | D:7      | Noticed a purple ugly thing
  7588 | D:7      | Killed a purple ugly thing
  7589 | D:7      | Reached skill level 1 in Invocations
  7589 | D:7      | Reached XP level 10. HP: 51/51 MP: 14/21
  7596 | D:7      | Reached skill level 8 in Spellcasting
  7596 | D:7      | Noticed Prince Ribbit
  7602 | D:7      | Killed Prince Ribbit
  7825 | D:7      | Found a transporter.
  7862 | D:7      | Learned a level 3 spell: Stone Arrow
  7886 | D:7      | Reached ** piety under Sif Muna
  7959 | D:7      | Identified the +8 hammer "Haisovei" {heavy, Fly}
  7964 | D:7      | Found a runed translucent door.
  7965 | D:7      | Noticed Crazy Yiuf
  8064 | D:7      | Found a one-way gate to the infinite horrors of the Abyss.
  8111 | D:7      | Found a transporter.
  8340 | D:7      | Killed Crazy Yiuf
  8382 | D:7      | Identified a scroll of acquirement
  8382 | D:7      | Acquired the Reference Book on the Wintry Mantle
  8394 | D:7      | Learned a level 5 spell: Lightning Bolt
  8928 | D:8      | Noticed a manticore
  8940 | D:8      | Killed a manticore
  8997 | D:8      | Reached skill level 9 in Spellcasting
  9120 | D:8      | Found a staircase to the Lair.
  9132 | D:8      | Found a sacrificial altar of Ru.
  9133 | D:8      | Found a burning altar of Makhleb.
  9133 | D:8      | Found a basalt altar of Yredelemnul.
  9134 | D:8      | Found an ornate altar of the Wu Jian Council.
  9136 | D:8      | Found a shimmering altar of Xom.
  9136 | D:8      | Found a hazy altar of Hepliaklqana.
  9136 | D:8      | Found a blossoming altar of Fedhas.
  9137 | D:8      | Found a snail-covered altar of Cheibriados.
  9137 | D:8      | Found an iron altar of Okawaru.
  9235 | D:8      | Reached skill level 1 in Fighting
  9370 | D:8      | Found a sparkling altar of Nemelex Xobeh.
  9487 | D:8      | Reached XP level 11. HP: 56/56 MP: 17/24
  9882 | D:8      | Reached skill level 10 in Fire Magic
 10113 | D:8      | Learned a level 6 spell: Starburst
 10591 | D:9      | Reached *** piety under Sif Muna
 10592 | D:9      | Reached skill level 10 in Spellcasting
 10897 | D:9      | Found Daho's General Store.
 11338 | D:9      | Noticed Psyche
 11350 | D:9      | Killed Psyche
 11451 | D:10     | Entered Level 10 of the Dungeon
 11487 | D:10     | Found Eprui's Magic Scroll Shop.
 11658 | D:10     | Noticed a two-headed ogre
 11662 | D:10     | Killed a two-headed ogre
 11795 | D:10     | Found Xok Vuju's Weapon Shop.
 11845 | D:10     | Found a staircase to the Orcish Mines.
 11858 | D:10     | Learned a level 4 spell: Olgreb's Toxic Radiance
 11961 | D:10     | Noticed a two-headed ogre
 11970 | D:10     | Killed a two-headed ogre
 12072 | D:10     | Found Ubo Ang's Weapon Shoppe.
 12260 | D:10     | Found Atoubber's Book Shop.
 12732 | D:11     | Noticed Maurice
 12739 | D:11     | Reached skill level 11 in Spellcasting
 12739 | D:11     | Reached XP level 12. HP: 60/61 MP: 15/27
 12750 | D:11     | Noticed a tengu warrior
 12752 | D:11     | Killed Maurice
 13299 | Lair:1   | Entered Level 1 of the Lair of Beasts
 13392 | Lair:1   | Noticed Fannar
 13403 | Lair:1   | Killed Fannar
 13693 | Lair:1   | You are sucked into a shaft and drop 1 floor!
 13730 | Lair:2   | Reached **** piety under Sif Muna
 13756 | Lair:2   | Reached skill level 1 in Maces & Flails
 13768 | Lair:2   | Reached skill level 12 in Spellcasting
 13768 | Lair:2   | Noticed a catoblepas
 14310 | Lair:2   | Reached skill level 10 in Conjurations
 14588 | Lair:2   | Found a staircase to the Snake Pit.
 14885 | Lair:2   | Killed a catoblepas
 14886 | Lair:2   | Reached skill level 1 in Earth Magic
 15145 | Lair:2   | Reached XP level 13. HP: 68/68 MP: 24/29
 15941 | Lair:3   | Found a staircase to the Swamp.
 16054 | Lair:3   | Reached skill level 5 in Armour
 17048 | Lair:3   | Acquired an Everburning Encyclopedia
 17054 | Lair:3   | Learned a level 3 spell: Ignite Poison
 17256 | Lair:4   | Reached skill level 1 in Poison Magic
 17626 | Lair:4   | Reached skill level 13 in Spellcasting
 17764 | Lair:4   | Identified the +7 short sword of the Filigreed God {heavy,
                  | rC+ Str+8 Dex+5}
 18666 | Lair:5   | Entered Level 5 of the Lair of Beasts
 19043 | Lair:5   | Gained mutation: Your large and strong wings let you fly.
                  | [Gargoyle growth]
 19043 | Lair:5   | Reached XP level 14. HP: 27/74 MP: 6/31
 19414 | Lair:5   | Reached skill level 5 in Poison Magic
 19567 | Lair:5   | Found a viscous altar of Jiyva.
 19567 | Lair:5   | Found a staircase to the Slime Pits.
 19893 | Lair:5   | Reached skill level 1 in Transmutations
 20722 | Lair:5   | Reached skill level 14 in Spellcasting
 20722 | Lair:5   | Reached ***** piety under Sif Muna
 21101 | Lair:5   | Noticed a dire elephant
 21107 | Lair:5   | Killed a dire elephant
 21603 | Orc:1    | Entered Level 1 of the Orcish Mines
 21622 | Orc:1    | Found a frozen archway.
 21636 | IceCv    | Entered an ice cave
 22054 | IceCv    | Received a gift from Sif Muna
 22157 | IceCv    | Got Lehudib's Book of the Endless Seers {god gift}
 22474 | IceCv    | Identified the ring "Rugoocs" {Contam rN++ rCorr Str+3
                  | Int+3}
 22482 | IceCv    | Identified the ring "Omestruu" {Fly rN+ Will++ Int-3 Dex+6}
 22705 | Orc:2    | Entered Level 2 of the Orcish Mines
 23179 | Orc:2    | Found a staircase to the Elven Halls.
 23582 | Orc:2    | Reached XP level 15. HP: 78/78 MP: 9/33
 23988 | Orc:2    | Found Biysij's Distillery.
 23988 | Orc:2    | Found Biefya Rass's Book Shop.
 23988 | Orc:2    | Found Puchejiaq's Antique Armour Boutique.
 23992 | Orc:2    | Found Disem's Weapon Emporium.
 24184 | Orc:1    | Noticed Blork the orc
 24189 | Orc:1    | Killed Blork the orc
 24675 | Orc:1    | Received a gift from Sif Muna
 25465 | D:12     | Found Voywobli's Demolitions Depot.
 25883 | D:12     | You are sucked into a shaft and drop 2 floors!
 25883 | D:14     | Found Furirchi's Antique Weapon Shoppe.
 25927 | D:13     | Noticed Josephine
 25929 | D:13     | Noticed Jorgrun
 25938 | D:13     | Killed Josephine
 25939 | D:13     | Reached skill level 15 in Spellcasting
 25940 | D:13     | Killed Jorgrun
 26282 | D:13     | Noticed Urug
 26282 | D:13     | Noticed Rupert
 26282 | D:13     | Noticed Nessos
 26282 | D:13     | Noticed Sonja
 26282 | D:13     | Found a gate to the Vaults.
 26287 | D:13     | Killed Sonja
 26288 | D:13     | Reached skill level 5 in Dodging
 26295 | D:12     | Annihilated by Rupert

Illustrated notes

Levels and vault maps discovered:
D:1:      lemuel_arrival_funnel, layout_basic, shapermc_ecumenical_altar_venn,
          minivault_19, corner_web_ring
D:2:      layout_loops_corners, basic_altar, grunt_ministairs_10,
          minmay_pentomino_pile
D:3:      layout_basic
D:4:      layout_basic, lemuel_blue_sif_altar, minmay_temple_entry_trees,
          serial_shops, shop
D:5:      minmay_opposing_rooms, layout_cave_pools, nrook_uturn,
          dreamdust_princess_bridge, minivault_19, st_stairs_9,
          serial_bayou_ford_a
D:6:      layout_basic, amcnicky_mini_rare_corridor_liquid,
          minmay_misc_feat_nine_boxes, minmay_gold_behind_fungi,
          lemuel_flame_loot_1, uniq_menkaure
D:7:      layout_basic, gammafunk_ghost_abyssal_escape,
          chequers_serial_rivers_micro_e, uniq_crazy_yiuf_cottage,
          uniq_prince_ribbit1
D:8:      layout_cave_pods, nicolae_overflows_in_rows,
          due_lair_maze_entry_diamond
D:9:      layout_loops_ring, serial_shops, nicolae_shop_behind_doors,
          minivault_11, nicolae_elevator_lobby_asterisk, uniq_psyche
D:10:     layout_gridville, david_orc_2, serial_shops, nicolae_square_shop,
          shop, shop, kennysheep_little_box, kennysheep_generic_room_12
D:11:     layout_loops_corners, uniq_maurice
D:12:     layout_roguey, kennysheep_path_1, nicolae_blasting_shop
D:13:     layout_roguey, david_vaults_3, uniq_azrael, uniq_sonja,
          uniq_josephine, uniq_jorgrun
D:14:     layout_irregular_city, serial_shops, shop,
          nicolae_shop_window_shopping, nicolae_shop_crystal,
          good_gods_temple_1, hellmonk_guarded_unrand_damnation, uniq_agnes
Lair:1:   layout_long_grid, uniq_fannar
Lair:2:   layout_layer_cave, nicolae_snake_entry_warm_welcome
Lair:3:   layout_small_grid, skrybe_swamp_entry_bodies, kennysheep_rathole
Lair:4:   layout_long_grid, minivault_26, grunt_megastairs_4
Lair:5:   grunt_lair_end_beastmaster, layout_regular_city,
          dpeg_slime_entry_enclosed, wad_woods_road_03, serial_bayou_lake_a
Orc:1:    layout_caves, portal_ice_cave_entry_imps, sword_in_stone
Orc:2:    st_orc_rangers, layout_caves

Skill      XL: |  1  2  3  4  5  6  7  8  9 10 11 12 13 14 15 |
---------------+----------------------------------------------+-----
Dodging        | 2 3 4 5 |  5.0
Spellcasting   | 3 4 5 6 7 9 11 12 13 14 15 | 15.1
Conjurations   | 2 3 4 5 6 8 9 10 11 | 11.5
Fire Magic     | 4 5 7 8 9 11 12 13 | 13.9
Armour         | 1 2 3 4 5 |  5.3
Invocations    | 1 2 3 4 |  4.1
Fighting       | 1 2 3 |  3.4
Maces & Flails | 1 |  1.9
Earth Magic    | 1 3 |  3.4
Poison Magic   | 4 7 8 |  8.3
Transmutations | 2 3 |  3.2
Stealth        | |  2.1

Action                     |  1- 3 |  4- 6 |  7- 9 | 10-12 | 13-15 || total
---------------------------+-------+-------+-------+-------+-------++-------
  Melee: Unarmed           |     7 |       |       |       |       ||     7
         Flail             |     4 |     3 |       |       |       ||     7
         Whip              |       |       |     8 |     2 |       ||    10
         Mace              |       |       |       |    28 |    36 ||    64
   Cast: Foxfire           |    45 |    72 |   203 |   242 |   293 ||   855
         Scorch            |     1 |     4 |    27 |    53 |    46 ||   131
         Flame Wave        |       |       |     6 |    41 |    46 ||    93
         Stone Arrow       |       |       |       |    23 |    52 ||    75
         Ignite Poison     |       |       |       |       |   113 ||   113
         Olgreb's Toxic Ra |       |       |       |       |    91 ||    91
         Starburst         |       |       |       |       |     6 ||     6
 Invoke: Channel Magic     |       |       |     3 |     6 |    13 ||    22
    Use: Scroll            |       |       |    17 |    12 |    10 ||    39
         Potion            |       |       |     2 |     1 |     3 ||     6
 Armour: Robe              |     8 |    17 |       |       |       ||    25
         Leather armour    |       |     3 |    37 |    68 |       ||   108
         Troll leather arm |       |       |       |    24 |   172 ||   196
  Dodge: Dodged            |    28 |    24 |    53 |   203 |   199 ||   507

Table legend: (Time is in decaauts)
 A = Elapsed time spent in this place.
 B = Non-inter-level travel time spent in this place.
 C = Inter-level travel time spent in this place.
 D = Time resting spent in this place.
 E = Time spent auto-exploring this place.
 F = Levels seen in this place.
 G = Mean time per level.
                   A        B        C        D        E       F      G
               +--------+--------+--------+--------+--------+-----+--------+
         Total |  26390 |  25791 |    599 |   1585 |  20314 |  22 | 1199.5 |
       Dungeon |  14829 |  14427 |    402 |   1049 |  11098 |  14 | 1059.2 |
          Lair |   8236 |   8068 |    168 |    401 |   6702 |   5 | 1647.2 |
  Orcish Mines |   2346 |   2317 |     29 |      0 |   1903 |   2 | 1173.0 |
      Ice Cave |    978 |    978 |      0 |    135 |    611 |   1 |  978.0 |
               +--------+--------+--------+--------+--------+-----+--------+

Top non-repeatable levels by time:
  Lair:5: 2793 daAuts
     D:8: 1702 daAuts
   Orc:2: 1679 daAuts
  Lair:2: 1605 daAuts
     D:5: 1526 daAuts
  Lair:4: 1493 daAuts
     D:7: 1479 daAuts
  Lair:3: 1420 daAuts
     D:9: 1370 daAuts
     D:6: 1237 daAuts
     D:2: 1208 daAuts
     D:4: 1165 daAuts
    D:12: 1133 daAuts
     D:3: 1116 daAuts
   IceCv: 978 daAuts
